[ PARTIDA AOE2 · #470551403 ]
UnrankedCeltas vs Britons
[ ANÁLISIS DE REPETICIÓN · EXTRAÍDO DE LA PARTIDA GRABADA ]
Feudal
12:48
Castillos
19:59
Imperial
30:27
| APM promedio | 39.4 |
| APM pico | 68 |
| eAPM promedio | 22.8 |
| Aldeanos / militares | 140 / 15 |
Foco
⚔️ 10.4% · 🌾 89.6%
Fishing Ship ×11 · Spearman ×10 · Mangonel ×4 · Monk ×1
Feudal
14:03
Castillos
17:43
Imperial
22:08
| APM promedio | 40.5 |
| APM pico | 70 |
| eAPM promedio | 16.6 |
| Aldeanos / militares | 53 / 110 |
Foco
⚔️ 18.9% · 🌾 81.1%
Hand Cannoneer ×101 · Fishing Ship ×34 · Bombard Cannon ×8 · Monk ×1
Feudal
11:49
Castillos
20:44
Imperial
—
| APM promedio | 13.7 |
| APM pico | 27 |
| eAPM promedio | 12.4 |
| Aldeanos / militares | 117 / 1 |
Foco
⚔️ 5.3% · 🌾 94.7%
Fishing Ship ×10 · Trade Cart ×2 · Spearman ×1
Feudal
—
Castillos
—
Imperial
—
| APM promedio | 35.1 |
| APM pico | 90 |
| eAPM promedio | 19.6 |
| Aldeanos / militares | 223 / 1 |
Foco
⚔️ 4.7% · 🌾 95.3%
Monk ×1
Feudal
11:04
Castillos
15:03
Imperial
29:31
| APM promedio | 27.0 |
| APM pico | 77 |
| eAPM promedio | 17.8 |
| Aldeanos / militares | 143 / 58 |
Foco
⚔️ 25.8% · 🌾 74.2%
Composite Bowman ×50 · Knight ×7 · Monk ×1
Feudal
10:44
Castillos
20:03
Imperial
—
| APM promedio | 9.2 |
| APM pico | 24 |
| eAPM promedio | 7.3 |
| Aldeanos / militares | 57 / 3 |
Foco
⚔️ 7.1% · 🌾 92.9%
War Elephant ×3 · Trade Cart ×1
Feudal
12:18
Castillos
18:23
Imperial
32:00
| APM promedio | 21.5 |
| APM pico | 49 |
| eAPM promedio | 14.4 |
| Aldeanos / militares | 151 / 1 |
Foco
⚔️ 12.5% · 🌾 87.5%
Unknown (2579) ×44 · Fishing Ship ×3 · Monk ×1
Feudal
13:03
Castillos
17:13
Imperial
—
| APM promedio | 26.6 |
| APM pico | 74 |
| eAPM promedio | 18.9 |
| Aldeanos / militares | 84 / 0 |
Foco
⚔️ 2.9% · 🌾 97.1%
Trade Cart ×3
Mapa de la partida
Recursos iniciales + cada clic de construcción. Líneas = muros · curvas = relieve. ◆ oro · ⬟ piedra · ● bayas · ✦ reliquia · ◌ hueco del cierre
Tu base· ✓ Cerrada en 19:59 · 28t muro · sin puerta
Base de AlexanderGr8· ✓ Cerrada en 17:43 · 6t muro · sin puerta
Base de Black_Death· Abierta — el rival se encerró
Base de deLeoLegion· ✓ Cerrada en 13:11 · 18t muro · sin puerta
Base de mdinusha88· Abierta — el rival se encerró
Base de steveroessler· Abierta — el rival se encerró
Base de Nikolaza Doberahtarza· ✓ Cerrada en 18:23 · 50t muro · sin puerta
Base de Matthew· Abierta — el rival se encerró
Terreno inicial suavizado · ◌ = hueco del cierre detectado · pasá el cursor para detalles
Inputs por minuto
— vasco14 - - AlexanderGr8
Build order — vasco14
Primeras 150 de 325 acciones detectadas
| 0:02 | Crear | Villager (Male) ×4 |
| 0:06 | Construir | House |
| 0:11 | Construir | House |
| 0:32 | Investigar | Loom |
| 0:33 | Investigar | Loom |
| 0:33 | Crear | Villager (Male) ×2 |
| 0:33 | Crear | Villager (Male) ×2 |
| 1:47 | Construir | Palisade Wall |
| 2:26 | Construir | Palisade Wall |
| 2:28 | Crear | Villager (Male) |
| 2:28 | Crear | Villager (Male) |
| 2:29 | Crear | Villager (Male) |
| 3:10 | Construir | Lumber Camp |
| 3:12 | Crear | Villager (Male) |
| 3:13 | Crear | Villager (Male) |
| 3:40 | Crear | Villager (Male) |
| 3:40 | Crear | Villager (Male) |
| 3:40 | Crear | Villager (Male) |
| 4:38 | Crear | Villager (Male) |
| 4:38 | Crear | Villager (Male) |
| 4:39 | Crear | Villager (Male) |
| 5:00 | Crear | Villager (Male) |
| 5:00 | Crear | Villager (Male) |
| 5:20 | Construir | House |
| 5:29 | Crear | Villager (Male) |
| 5:29 | Crear | Villager (Male) |
| 5:29 | Crear | Villager (Male) |
| 5:48 | Construir | House |
| 6:02 | Crear | Villager (Male) |
| 6:03 | Crear | Villager (Male) |
| 6:03 | Crear | Villager (Male) |
| 6:20 | Construir | House |
| 6:34 | Crear | Villager (Male) |
| 6:34 | Crear | Villager (Male) |
| 6:58 | Construir | House |
| 7:15 | Crear | Villager (Male) |
| 7:39 | Construir | Mill |
| 7:56 | Crear | Villager (Male) |
| 8:23 | Crear | Villager (Male) |
| 8:45 | Construir | Mining Camp |
| 8:52 | Crear | Villager (Male) |
| 8:52 | Crear | Villager (Male) |
| 9:08 | Construir | Dock |
| 9:29 | Crear | Villager (Male) |
| 9:29 | Crear | Villager (Male) |
| 10:02 | Construir | House |
| 10:02 | Construir | House |
| 10:22 | Crear | Villager (Male) |
| 10:32 | Investigar | Feudal Age |
| 10:32 | Investigar | Feudal Age |
| 10:43 | Crear | Fishing Ship |
| 11:03 | Construir | Lumber Camp |
| 11:14 | Crear | Fishing Ship |
| 11:31 | Construir | Mining Camp |
| 12:07 | Crear | Fishing Ship |
| 12:23 | Crear | Villager (Male) |
| 12:48 | Edad | Edad Feudal |
| 12:57 | Construir | Market |
| 13:05 | Construir | Blacksmith |
| 13:10 | Crear | Villager (Male) |
| 13:25 | Construir | Stone Wall |
| 13:33 | Construir | Stone Wall |
| 13:37 | Crear | Villager (Male) |
| 13:49 | Crear | Fishing Ship |
| 13:55 | Investigar | Tech 906 |
| 14:01 | Crear | Villager (Male) |
| 14:25 | Crear | Villager (Male) |
| 14:28 | Investigar | Horse Collar |
| 14:32 | Investigar | Double-Bit Axe |
| 14:46 | Crear | Fishing Ship |
| 14:53 | Crear | Villager (Male) |
| 14:54 | Crear | Villager (Male) |
| 15:18 | Construir | Farm |
| 15:19 | Construir | Farm |
| 15:24 | Construir | Farm |
| 15:26 | Crear | Villager (Male) |
| 15:36 | Construir | House |
| 15:40 | Crear | Fishing Ship |
| 15:57 | Crear | Fishing Ship |
| 16:03 | Crear | Villager (Male) |
| 16:07 | Construir | Barracks |
| 16:24 | Crear | Villager (Male) |
| 16:28 | Construir | Farm |
| 16:29 | Construir | Farm |
| 16:30 | Construir | Farm |
| 16:32 | Construir | Farm |
| 16:33 | Construir | Farm |
| 16:57 | Construir | Farm |
| 16:58 | Construir | Farm |
| 17:19 | Investigar | Castle Age |
| 17:20 | Investigar | Castle Age |
| 17:43 | Construir | Fish Trap |
| 17:47 | Construir | Fish Trap |
| 17:53 | Construir | Fish Trap |
| 17:59 | Construir | Fish Trap |
| 18:05 | Construir | Fish Trap |
| 18:06 | Crear | Fishing Ship |
| 18:32 | Construir | Farm |
| 18:37 | Construir | Farm |
| 18:43 | Construir | Farm |
| 18:47 | Crear | Villager (Male) |
| 18:59 | Construir | House |
| 19:00 | Construir | House |
| 19:00 | Construir | House |
| 19:06 | Investigar | Gold Mining |
| 19:09 | Investigar | Stone Mining |
| 19:09 | Investigar | Stone Mining |
| 19:14 | Construir | Fish Trap |
| 19:24 | Construir | Fish Trap |
| 19:59 | Edad | Edad de los Castillos |
| 20:09 | Crear | Villager (Male) |
| 20:10 | Crear | Villager (Male) |
| 20:22 | Construir | Town Center |
| 20:33 | Investigar | Bow Saw |
| 20:34 | Investigar | Bow Saw |
| 20:35 | Crear | Villager (Male) |
| 21:04 | Crear | Villager (Male) |
| 21:18 | Crear | Villager (Male) |
| 21:25 | Construir | Town Center |
| 21:33 | Crear | Villager (Male) |
| 21:33 | Crear | Villager (Male) |
| 22:02 | Construir | Lumber Camp |
| 22:17 | Crear | Villager (Male) |
| 22:17 | Crear | Villager (Male) |
| 22:18 | Crear | Villager (Male) |
| 22:18 | Crear | Villager (Male) |
| 22:26 | Crear | Villager (Male) |
| 22:26 | Crear | Villager (Male) |
| 22:37 | Construir | Town Center |
| 22:40 | Crear | Villager (Male) |
| 22:57 | Construir | Mining Camp |
| 23:04 | Investigar | Heavy Plow |
| 23:05 | Investigar | Heavy Plow |
| 23:05 | Crear | Villager (Male) |
| 23:06 | Crear | Villager (Male) |
| 23:06 | Crear | Villager (Male) |
| 23:17 | Construir | House |
| 23:18 | Construir | House |
| 23:21 | Construir | House |
| 23:22 | Construir | House |
| 23:24 | Crear | Villager (Male) |
| 23:28 | Investigar | Wheelbarrow |
| 23:37 | Construir | Farm |
| 23:38 | Construir | Farm |
| 23:41 | Construir | Farm |
| 23:48 | Crear | Villager (Male) |
| 23:54 | Construir | Farm |
| 23:57 | Crear | Villager (Male) |
| 23:58 | Crear | Villager (Male) |
| 24:05 | Construir | Farm |
Build order — AlexanderGr8
Primeras 150 de 231 acciones detectadas
| 0:01 | Crear | Villager (Male) |
| 0:01 | Crear | Villager (Male) |
| 0:01 | Crear | Villager (Male) |
| 0:01 | Crear | Villager (Male) |
| 0:03 | Construir | House |
| 0:04 | Construir | House |
| 1:27 | Crear | Villager (Male) |
| 1:45 | Construir | Lumber Camp |
| 2:02 | Crear | Villager (Male) |
| 2:15 | Crear | Villager (Male) |
| 2:35 | Crear | Villager (Male) |
| 2:35 | Crear | Villager (Male) |
| 3:06 | Construir | House |
| 3:21 | Crear | Villager (Male) |
| 3:22 | Crear | Villager (Male) |
| 3:52 | Crear | Villager (Male) |
| 3:52 | Crear | Villager (Male) |
| 4:09 | Crear | Villager (Male) |
| 4:16 | Construir | Lumber Camp |
| 4:25 | Crear | Villager (Male) |
| 4:59 | Investigar | Loom |
| 5:20 | Construir | House |
| 5:28 | Crear | Villager (Male) |
| 5:29 | Crear | Villager (Male) |
| 5:30 | Crear | Villager (Male) |
| 5:38 | Construir | Dock |
| 5:41 | Construir | House |
| 5:46 | Construir | House |
| 6:00 | Crear | Villager (Male) |
| 6:18 | Crear | Villager (Male) |
| 6:41 | Crear | Fishing Ship |
| 6:41 | Crear | Fishing Ship |
| 6:41 | Crear | Fishing Ship |
| 6:50 | Construir | Palisade Wall |
| 7:08 | Crear | Villager (Male) |
| 7:08 | Crear | Villager (Male) |
| 7:24 | Crear | Villager (Male) |
| 7:46 | Construir | Mill |
| 7:49 | Crear | Villager (Male) |
| 8:09 | Construir | House |
| 8:19 | Crear | Villager (Male) |
| 8:25 | Crear | Fishing Ship |
| 8:25 | Crear | Fishing Ship |
| 8:25 | Crear | Fishing Ship |
| 8:26 | Crear | Fishing Ship |
| 8:42 | Crear | Villager (Male) |
| 9:15 | Crear | Villager (Male) |
| 9:16 | Crear | Villager (Male) |
| 9:16 | Crear | Villager (Male) |
| 9:18 | Crear | Fishing Ship |
| 9:18 | Crear | Fishing Ship |
| 9:18 | Crear | Fishing Ship |
| 9:19 | Crear | Fishing Ship |
| 10:02 | Construir | Mining Camp |
| 11:51 | Construir | House |
| 11:53 | Investigar | Feudal Age |
| 12:01 | Crear | Fishing Ship |
| 12:01 | Crear | Fishing Ship |
| 12:01 | Crear | Fishing Ship |
| 12:10 | Construir | House |
| 13:07 | Crear | Villager (Male) |
| 13:07 | Crear | Villager (Male) |
| 13:07 | Crear | Villager (Male) |
| 14:03 | Edad | Edad Feudal |
| 14:09 | Construir | Market |
| 14:12 | Construir | Blacksmith |
| 14:19 | Construir | Fish Trap |
| 14:21 | Construir | Fish Trap |
| 14:23 | Construir | Fish Trap |
| 14:24 | Construir | Fish Trap |
| 14:26 | Construir | Fish Trap |
| 14:28 | Construir | Fish Trap |
| 14:35 | Construir | Fish Trap |
| 15:03 | Investigar | Castle Age |
| 15:05 | Investigar | Double-Bit Axe |
| 15:18 | Construir | Fish Trap |
| 15:48 | Construir | House |
| 15:53 | Construir | Fish Trap |
| 16:19 | Construir | Fish Trap |
| 16:26 | Crear | Villager (Male) |
| 16:26 | Crear | Villager (Male) |
| 16:28 | Crear | Villager (Male) |
| 16:57 | Construir | Dock |
| 17:09 | Construir | House |
| 17:43 | Edad | Edad de los Castillos |
| 17:44 | Construir | Monastery |
| 17:49 | Construir | Siege Workshop |
| 18:19 | Construir | Dock |
| 18:23 | Construir | House |
| 18:39 | Investigar | Imperial Age |
| 18:41 | Investigar | Bow Saw |
| 18:55 | Construir | Barracks |
| 19:21 | Crear | Monk |
| 20:12 | Construir | Archery Range |
| 20:17 | Construir | Archery Range |
| 20:25 | Construir | Archery Range |
| 20:38 | Investigar | Padded Archer Armor |
| 20:40 | Investigar | Gold Mining |
| 20:47 | Investigar | Tech 906 |
| 20:47 | Investigar | Tech 906 |
| 20:52 | Crear | Fishing Ship |
| 20:52 | Crear | Fishing Ship |
| 20:54 | Crear | Fishing Ship |
| 21:19 | Investigar | Fervor |
| 21:37 | Construir | Fish Trap |
| 21:40 | Construir | Fish Trap |
| 22:08 | Edad | Edad Imperial |
| 23:55 | Crear | Hand Cannoneer ×5 |
| 23:58 | Crear | Bombard Cannon |
| 23:58 | Crear | Bombard Cannon |
| 23:58 | Crear | Bombard Cannon |
| 23:58 | Crear | Bombard Cannon |
| 24:02 | Construir | House |
| 24:02 | Construir | House |
| 24:02 | Construir | House |
| 24:02 | Construir | House |
| 24:18 | Construir | Fish Trap |
| 24:19 | Crear | Fishing Ship |
| 24:20 | Crear | Fishing Ship |
| 24:20 | Crear | Fishing Ship |
| 24:20 | Crear | Fishing Ship |
| 24:27 | Crear | Hand Cannoneer ×5 |
| 24:31 | Construir | Archery Range |
| 24:32 | Construir | Archery Range |
| 25:00 | Investigar | Leather Archer Armor |
| 25:02 | Crear | Villager (Male) |
| 25:03 | Crear | Villager (Male) |
| 25:09 | Construir | Town Center |
| 25:15 | Construir | Town Center |
| 25:19 | Investigar | Wheelbarrow |
| 25:19 | Investigar | Wheelbarrow |
| 25:23 | Construir | Mining Camp |
| 25:25 | Investigar | Town Watch |
| 25:26 | Crear | Villager (Male) |
| 25:31 | Construir | Fish Trap |
| 25:37 | Construir | Fish Trap |
| 25:40 | Construir | Fish Trap |
| 25:59 | Crear | Bombard Cannon |
| 26:06 | Construir | Fish Trap |
| 26:07 | Crear | Villager (Male) |
| 26:08 | Crear | Villager (Male) |
| 26:09 | Construir | House |
| 26:10 | Construir | House |
| 26:10 | Construir | House |
| 26:11 | Construir | House |
| 26:11 | Construir | House |
| 26:31 | Crear | Hand Cannoneer ×5 |
| 26:31 | Crear | Hand Cannoneer ×5 |
| 26:31 | Crear | Hand Cannoneer ×2 |
| 26:57 | Crear | Villager (Male) |
Build order — Black_Death
Primeras 150 de 194 acciones detectadas
| 0:03 | Crear | Villager (Male) ×4 |
| 0:07 | Construir | House |
| 0:10 | Construir | House |
| 0:25 | Investigar | Loom |
| 1:28 | Crear | Villager (Male) |
| 1:29 | Crear | Villager (Male) |
| 1:31 | Investigar | Loom |
| 1:47 | Crear | Villager (Male) |
| 1:50 | Investigar | Loom |
| 2:09 | Crear | Villager (Male) |
| 2:10 | Crear | Villager (Male) |
| 2:30 | Crear | Villager (Male) |
| 2:35 | Crear | Villager (Male) |
| 2:35 | Crear | Villager (Male) |
| 2:36 | Investigar | Loom |
| 2:49 | Construir | House |
| 2:57 | Construir | House |
| 3:02 | Construir | Lumber Camp |
| 3:05 | Crear | Villager (Male) |
| 3:05 | Crear | Villager (Male) |
| 3:08 | Crear | Villager (Male) |
| 3:08 | Crear | Villager (Male) |
| 3:09 | Investigar | Loom |
| 3:34 | Crear | Villager (Male) |
| 3:34 | Crear | Villager (Male) |
| 3:45 | Crear | Villager (Male) |
| 3:45 | Crear | Villager (Male) |
| 4:10 | Crear | Villager (Male) |
| 4:11 | Crear | Villager (Male) |
| 4:11 | Crear | Villager (Male) |
| 4:51 | Crear | Villager (Male) |
| 5:23 | Crear | Villager (Male) |
| 5:23 | Crear | Villager (Male) |
| 5:59 | Construir | Mill |
| 6:10 | Crear | Villager (Male) |
| 6:10 | Crear | Villager (Male) |
| 6:10 | Crear | Villager (Male) |
| 6:27 | Crear | Villager (Male) |
| 6:27 | Crear | Villager (Male) |
| 6:27 | Crear | Villager (Male) |
| 7:31 | Construir | Dock |
| 7:37 | Crear | Villager (Male) |
| 8:01 | Construir | House |
| 8:13 | Construir | House |
| 8:38 | Crear | Fishing Ship |
| 8:52 | Crear | Fishing Ship |
| 9:22 | Investigar | Feudal Age |
| 9:46 | Crear | Villager (Male) |
| 9:46 | Crear | Villager (Male) |
| 9:47 | Crear | Villager (Male) |
| 10:45 | Crear | Fishing Ship |
| 10:46 | Crear | Fishing Ship |
| 10:53 | Construir | Mining Camp |
| 11:02 | Crear | Villager (Male) |
| 11:11 | Construir | House |
| 11:44 | Construir | Mining Camp |
| 11:49 | Edad | Edad Feudal |
| 11:49 | Investigar | Double-Bit Axe |
| 11:58 | Investigar | Wheelbarrow |
| 12:03 | Crear | Villager (Male) |
| 12:04 | Crear | Villager (Male) |
| 12:10 | Investigar | Gold Mining |
| 12:31 | Investigar | Horse Collar |
| 12:35 | Crear | Villager (Male) |
| 12:39 | Crear | Villager (Male) |
| 12:39 | Crear | Villager (Male) |
| 13:20 | Investigar | Stone Mining |
| 13:24 | Investigar | Tech 906 |
| 13:59 | Construir | Market |
| 14:06 | Construir | House |
| 14:29 | Construir | Lumber Camp |
| 14:43 | Construir | Farm |
| 14:46 | Crear | Villager (Male) |
| 15:10 | Construir | Farm |
| 15:22 | Construir | Fish Trap |
| 15:42 | Construir | Farm |
| 15:52 | Crear | Villager (Male) |
| 15:52 | Crear | Villager (Male) |
| 15:53 | Crear | Villager (Male) |
| 15:56 | Crear | Fishing Ship |
| 16:06 | Construir | Farm |
| 16:26 | Construir | Lumber Camp |
| 16:32 | Construir | Farm |
| 16:49 | Construir | Blacksmith |
| 16:57 | Construir | Farm |
| 17:01 | Crear | Villager (Male) |
| 17:18 | Construir | Farm |
| 17:33 | Crear | Villager (Male) |
| 17:39 | Construir | House |
| 17:43 | Construir | House |
| 17:49 | Construir | Farm |
| 17:52 | Investigar | Castle Age |
| 17:59 | Construir | Fish Trap |
| 18:03 | Construir | Fish Trap |
| 18:08 | Crear | Villager (Male) |
| 18:09 | Crear | Villager (Male) |
| 18:14 | Construir | Fish Trap |
| 18:29 | Construir | Fish Trap |
| 18:33 | Crear | Villager (Male) |
| 18:42 | Crear | Trade Cart |
| 18:53 | Investigar | Fletching |
| 19:02 | Crear | Fishing Ship |
| 19:16 | Construir | Mining Camp |
| 19:21 | Crear | Fishing Ship |
| 19:21 | Crear | Fishing Ship |
| 19:34 | Construir | House |
| 19:37 | Construir | House |
| 19:38 | Construir | House |
| 19:39 | Construir | House |
| 19:41 | Construir | House |
| 19:42 | Construir | House |
| 19:49 | Construir | Fish Trap |
| 20:05 | Investigar | Padded Archer Armor |
| 20:10 | Crear | Trade Cart |
| 20:14 | Crear | Villager (Male) |
| 20:27 | Construir | Fish Trap |
| 20:44 | Edad | Edad de los Castillos |
| 20:46 | Investigar | Bow Saw |
| 20:50 | Construir | Town Center |
| 20:59 | Crear | Villager (Male) |
| 20:59 | Crear | Villager (Male) |
| 21:04 | Investigar | Gold Shaft Mining |
| 21:30 | Investigar | Heavy Plow |
| 21:32 | Crear | Villager (Male) ×2 |
| 21:44 | Crear | Villager (Male) |
| 21:49 | Construir | Fish Trap |
| 22:19 | Crear | Villager (Male) |
| 22:26 | Construir | Town Center |
| 22:34 | Construir | Farm |
| 22:39 | Construir | Farm |
| 22:46 | Investigar | Hand Cart |
| 22:48 | Crear | Villager (Male) |
| 22:50 | Crear | Villager (Male) |
| 22:58 | Crear | Fishing Ship |
| 23:13 | Investigar | Leather Archer Armor |
| 23:22 | Construir | Farm |
| 23:25 | Crear | Villager (Male) |
| 23:29 | Crear | Villager (Male) |
| 23:34 | Construir | Farm |
| 23:35 | Construir | Farm |
| 23:36 | Construir | Farm |
| 23:38 | Construir | Farm |
| 23:44 | Construir | Farm |
| 23:46 | Crear | Villager (Male) ×2 |
| 23:47 | Crear | Villager (Male) ×2 |
| 23:58 | Construir | Farm |
| 24:03 | Crear | Villager (Male) |
| 24:08 | Construir | Fish Trap |
| 24:12 | Crear | Villager (Male) ×2 |
| 24:22 | Construir | Mill |
Build order — deLeoLegion
Primeras 150 de 386 acciones detectadas
| 0:02 | Crear | Villager (Male) |
| 0:02 | Crear | Villager (Male) |
| 0:02 | Crear | Villager (Male) |
| 0:03 | Crear | Villager (Male) |
| 0:03 | Crear | Villager (Male) |
| 0:03 | Crear | Villager (Male) |
| 0:05 | Construir | House |
| 0:06 | Construir | House |
| 0:18 | Investigar | Loom |
| 1:35 | Crear | Villager (Male) |
| 1:36 | Crear | Villager (Male) |
| 1:36 | Crear | Villager (Male) |
| 1:57 | Crear | Villager (Male) |
| 1:57 | Crear | Villager (Male) |
| 1:57 | Crear | Villager (Male) |
| 2:45 | Crear | Villager (Male) |
| 2:45 | Crear | Villager (Male) |
| 2:46 | Crear | Villager (Male) |
| 3:26 | Construir | Palisade Wall |
| 3:31 | Crear | Villager (Male) |
| 3:31 | Crear | Villager (Male) |
| 3:31 | Crear | Villager (Male) |
| 3:32 | Crear | Villager (Male) |
| 3:45 | Construir | Lumber Camp |
| 3:52 | Crear | Villager (Male) |
| 3:53 | Crear | Villager (Male) |
| 3:53 | Crear | Villager (Male) |
| 4:05 | Construir | House |
| 4:12 | Crear | Villager (Male) |
| 4:13 | Crear | Villager (Male) |
| 4:13 | Crear | Villager (Male) |
| 4:38 | Construir | Palisade Wall |
| 4:45 | Crear | Villager (Male) |
| 4:45 | Crear | Villager (Male) |
| 4:51 | Construir | Palisade Wall |
| 4:52 | Construir | Palisade Wall |
| 5:11 | Crear | Villager (Male) |
| 5:11 | Crear | Villager (Male) |
| 5:11 | Crear | Villager (Male) |
| 5:15 | Construir | Palisade Wall |
| 5:48 | Construir | House |
| 5:54 | Crear | Villager (Male) |
| 5:54 | Crear | Villager (Male) |
| 5:54 | Crear | Villager (Male) |
| 6:29 | Crear | Villager (Male) |
| 6:29 | Crear | Villager (Male) |
| 6:29 | Crear | Villager (Male) |
| 7:00 | Crear | Villager (Male) |
| 7:00 | Crear | Villager (Male) |
| 7:06 | Crear | Villager (Male) |
| 7:07 | Crear | Villager (Male) |
| 7:07 | Crear | Villager (Male) |
| 7:10 | Construir | Mill |
| 7:34 | Crear | Villager (Male) |
| 9:14 | Construir | Farm |
| 9:17 | Construir | Farm |
| 9:19 | Investigar | Feudal Age |
| 10:48 | Crear | Villager (Male) |
| 10:48 | Crear | Villager (Male) |
| 10:55 | Construir | House |
| 11:22 | Construir | Farm |
| 11:49 | Construir | Market |
| 12:11 | Construir | Blacksmith |
| 12:46 | Crear | Villager (Male) |
| 13:11 | Investigar | Castle Age |
| 13:31 | Construir | Lumber Camp |
| 13:43 | Construir | House |
| 13:45 | Construir | House |
| 14:15 | Investigar | Double-Bit Axe |
| 14:16 | Investigar | Horse Collar |
| 14:35 | Construir | Lumber Camp |
| 14:57 | Construir | Farm |
| 15:09 | Crear | Villager (Male) |
| 15:10 | Crear | Villager (Male) |
| 15:56 | Construir | Town Center |
| 16:01 | Crear | Villager (Male) |
| 16:16 | Construir | Town Center |
| 16:28 | Investigar | Bow Saw |
| 16:31 | Investigar | Heavy Plow |
| 16:33 | Crear | Villager (Male) |
| 16:47 | Construir | Farm |
| 17:04 | Construir | Farm |
| 17:07 | Construir | Farm |
| 17:09 | Construir | Farm |
| 17:30 | Crear | Villager (Male) |
| 17:35 | Construir | Farm |
| 17:38 | Crear | Villager (Male) |
| 17:58 | Construir | Farm |
| 18:02 | Construir | Farm |
| 18:06 | Construir | Farm |
| 18:07 | Crear | Villager (Male) |
| 18:17 | Construir | Farm |
| 18:25 | Construir | Farm |
| 18:28 | Construir | Farm |
| 18:30 | Crear | Villager (Male) |
| 18:30 | Crear | Villager (Male) |
| 18:39 | Construir | Farm |
| 18:40 | Construir | Farm |
| 18:42 | Construir | Farm |
| 18:44 | Crear | Villager (Male) |
| 18:50 | Construir | Farm |
| 18:52 | Construir | Farm |
| 18:53 | Construir | Farm |
| 18:59 | Crear | Villager (Male) |
| 19:03 | Construir | Farm |
| 19:10 | Crear | Villager (Male) |
| 19:15 | Crear | Villager (Male) |
| 19:17 | Construir | Farm |
| 19:20 | Crear | Villager (Male) |
| 19:30 | Construir | Farm |
| 19:43 | Crear | Villager (Male) |
| 19:44 | Crear | Villager (Male) |
| 19:44 | Crear | Villager (Male) |
| 19:44 | Crear | Villager (Male) |
| 19:53 | Construir | Farm |
| 19:56 | Construir | Farm |
| 20:00 | Construir | Farm |
| 20:03 | Crear | Villager (Male) |
| 20:04 | Crear | Villager (Male) |
| 20:07 | Construir | Farm |
| 20:16 | Construir | House |
| 20:17 | Construir | House |
| 20:18 | Construir | House |
| 20:18 | Construir | House |
| 20:21 | Construir | Farm |
| 20:22 | Crear | Villager (Male) |
| 20:23 | Crear | Villager (Male) |
| 20:25 | Crear | Villager (Male) |
| 20:27 | Construir | Farm |
| 20:34 | Crear | Villager (Male) |
| 20:34 | Crear | Villager (Male) |
| 20:35 | Crear | Villager (Male) |
| 20:53 | Construir | Farm |
| 20:53 | Construir | Farm |
| 20:58 | Crear | Villager (Male) |
| 20:59 | Crear | Villager (Male) |
| 21:15 | Crear | Villager (Male) |
| 21:15 | Crear | Villager (Male) |
| 21:15 | Crear | Villager (Male) |
| 21:28 | Crear | Villager (Male) |
| 21:29 | Crear | Villager (Male) |
| 21:31 | Crear | Villager (Male) |
| 21:37 | Construir | Town Center |
| 21:44 | Crear | Villager (Male) |
| 21:45 | Crear | Villager (Male) |
| 21:47 | Crear | Villager (Male) |
| 21:50 | Construir | Farm |
| 21:56 | Construir | Farm |
| 22:01 | Crear | Villager (Male) |
| 22:02 | Crear | Villager (Male) |
Build order — mdinusha88
Primeras 150 de 334 acciones detectadas
| 0:01 | Crear | Villager (Male) |
| 0:02 | Crear | Villager (Male) |
| 0:03 | Construir | House |
| 0:04 | Construir | House |
| 0:10 | Crear | Villager (Male) |
| 0:11 | Crear | Villager (Male) |
| 1:28 | Crear | Villager (Male) |
| 1:29 | Crear | Villager (Male) |
| 1:47 | Construir | Mule Cart |
| 1:53 | Crear | Villager (Male) |
| 2:27 | Crear | Villager (Male) |
| 2:27 | Crear | Villager (Male) |
| 2:57 | Crear | Villager (Male) |
| 3:17 | Crear | Villager (Male) |
| 3:27 | Construir | House |
| 3:29 | Construir | House |
| 3:37 | Crear | Villager (Male) |
| 3:37 | Crear | Villager (Male) |
| 3:56 | Construir | Mill |
| 4:06 | Crear | Villager (Male) |
| 4:06 | Crear | Villager (Male) |
| 4:30 | Crear | Villager (Male) |
| 4:31 | Crear | Villager (Male) |
| 4:51 | Construir | Farm |
| 5:01 | Crear | Villager (Male) |
| 5:13 | Crear | Villager (Male) |
| 5:34 | Construir | Farm |
| 5:41 | Crear | Villager (Male) |
| 5:52 | Construir | Palisade Wall |
| 5:56 | Construir | Palisade Wall |
| 6:01 | Crear | Villager (Male) |
| 6:31 | Crear | Villager (Male) |
| 6:37 | Construir | Palisade Wall |
| 6:41 | Crear | Villager (Male) |
| 7:10 | Construir | Farm |
| 7:19 | Crear | Villager (Male) |
| 7:35 | Crear | Villager (Male) |
| 7:40 | Construir | Mule Cart |
| 7:58 | Construir | House |
| 8:02 | Crear | Villager (Male) |
| 8:34 | Construir | Farm |
| 8:48 | Construir | House |
| 8:54 | Investigar | Feudal Age |
| 10:47 | Crear | Villager (Male) |
| 11:04 | Edad | Edad Feudal |
| 11:06 | Crear | Villager (Male) |
| 11:10 | Construir | Blacksmith |
| 11:17 | Construir | Market |
| 11:45 | Construir | Stone Wall |
| 11:52 | Construir | Stone Wall |
| 12:07 | Construir | Stone Wall |
| 12:23 | Investigar | Castle Age |
| 12:34 | Construir | Mule Cart |
| 12:47 | Investigar | Horse Collar |
| 12:55 | Investigar | Double-Bit Axe |
| 12:55 | Investigar | Double-Bit Axe |
| 14:29 | Crear | Villager (Male) |
| 14:31 | Investigar | Wheelbarrow |
| 15:03 | Edad | Edad de los Castillos |
| 15:06 | Crear | Villager (Male) |
| 15:14 | Crear | Villager (Male) |
| 15:23 | Construir | Town Center |
| 15:30 | Investigar | Bow Saw |
| 15:40 | Investigar | Heavy Plow |
| 15:55 | Construir | House |
| 16:14 | Crear | Villager (Male) |
| 16:17 | Investigar | Loom |
| 16:27 | Construir | House |
| 16:48 | Crear | Villager (Male) |
| 16:58 | Construir | Town Center |
| 17:06 | Crear | Villager (Male) |
| 17:07 | Crear | Villager (Male) |
| 17:08 | Crear | Villager (Male) |
| 17:21 | Construir | House |
| 17:22 | Construir | House |
| 17:33 | Construir | Farm |
| 17:41 | Construir | Farm |
| 17:43 | Crear | Villager (Male) |
| 17:43 | Crear | Villager (Male) |
| 17:44 | Crear | Villager (Male) |
| 17:51 | Construir | Farm |
| 17:53 | Crear | Villager (Male) |
| 17:53 | Crear | Villager (Male) |
| 17:55 | Crear | Villager (Male) |
| 18:10 | Crear | Villager (Male) |
| 18:13 | Construir | Farm |
| 18:23 | Crear | Villager (Male) |
| 18:23 | Crear | Villager (Male) |
| 18:28 | Construir | House |
| 18:31 | Construir | House |
| 18:33 | Crear | Villager (Male) |
| 18:33 | Crear | Villager (Male) |
| 18:37 | Construir | Farm |
| 18:41 | Construir | Farm |
| 18:49 | Crear | Villager (Male) |
| 18:59 | Construir | Castle |
| 19:02 | Crear | Villager (Male) |
| 19:02 | Crear | Villager (Male) |
| 19:07 | Construir | Farm |
| 19:21 | Construir | Farm |
| 19:29 | Construir | Farm |
| 19:30 | Construir | Farm |
| 19:33 | Construir | Farm |
| 19:36 | Crear | Villager (Male) |
| 19:37 | Crear | Villager (Male) |
| 19:43 | Crear | Villager (Male) |
| 19:43 | Crear | Villager (Male) |
| 19:44 | Crear | Villager (Male) |
| 19:44 | Crear | Villager (Male) |
| 19:55 | Crear | Villager (Male) |
| 19:55 | Crear | Villager (Male) |
| 20:01 | Construir | Farm |
| 20:04 | Construir | Farm |
| 20:06 | Construir | Farm |
| 20:09 | Construir | Farm |
| 20:11 | Construir | Farm |
| 20:15 | Crear | Villager (Male) |
| 20:16 | Crear | Villager (Male) |
| 20:16 | Crear | Villager (Male) |
| 20:18 | Crear | Villager (Male) |
| 20:18 | Crear | Villager (Male) |
| 20:22 | Construir | House |
| 20:27 | Construir | House |
| 20:30 | Construir | House |
| 20:32 | Crear | Villager (Male) |
| 20:32 | Crear | Villager (Male) |
| 20:39 | Construir | Farm |
| 20:46 | Crear | Villager (Male) |
| 20:46 | Crear | Villager (Male) |
| 20:56 | Crear | Villager (Male) |
| 20:57 | Crear | Villager (Male) |
| 21:06 | Crear | Villager (Male) |
| 21:21 | Construir | Town Center |
| 21:24 | Crear | Villager (Male) |
| 21:24 | Crear | Villager (Male) |
| 21:24 | Crear | Villager (Male) |
| 21:33 | Crear | Villager (Male) |
| 21:34 | Crear | Villager (Male) |
| 21:34 | Crear | Villager (Male) |
| 21:46 | Construir | Farm |
| 21:50 | Crear | Villager (Male) |
| 21:50 | Crear | Villager (Male) |
| 21:58 | Construir | Monastery |
| 22:00 | Crear | Villager (Male) |
| 22:01 | Crear | Villager (Male) |
| 22:04 | Construir | House |
| 22:09 | Crear | Villager (Male) |
| 22:09 | Crear | Villager (Male) |
| 22:18 | Crear | Villager (Male) |
| 22:18 | Crear | Villager (Male) |
Build order — steveroessler
126 acciones detectadas en el replay
| 0:06 | Crear | Villager (Male) |
| 0:07 | Investigar | Loom |
| 0:08 | Crear | Villager (Male) |
| 0:08 | Crear | Villager (Male) |
| 0:09 | Crear | Villager (Male) |
| 0:14 | Construir | House |
| 0:15 | Construir | House |
| 0:17 | Construir | House |
| 0:18 | Construir | House |
| 0:20 | Construir | House |
| 0:25 | Crear | Villager (Male) |
| 1:59 | Construir | Palisade Wall |
| 2:07 | Construir | Palisade Wall |
| 2:14 | Crear | Villager (Male) |
| 2:32 | Crear | Villager (Male) |
| 3:13 | Construir | Palisade Wall |
| 3:47 | Crear | Villager (Male) |
| 3:47 | Crear | Villager (Male) |
| 3:48 | Crear | Villager (Male) |
| 3:48 | Crear | Villager (Male) |
| 4:11 | Construir | Palisade Wall |
| 4:23 | Crear | Villager (Male) |
| 4:23 | Crear | Villager (Male) |
| 4:25 | Crear | Villager (Male) |
| 5:02 | Crear | Villager (Male) |
| 5:12 | Crear | Villager (Male) |
| 5:47 | Crear | Villager (Male) |
| 5:47 | Crear | Villager (Male) |
| 6:10 | Construir | Lumber Camp |
| 7:37 | Construir | Mill |
| 8:04 | Construir | Lumber Camp |
| 8:40 | Investigar | Feudal Age |
| 9:56 | Crear | Villager (Male) |
| 9:57 | Crear | Villager (Male) |
| 10:44 | Edad | Edad Feudal |
| 11:12 | Construir | Mining Camp |
| 11:25 | Crear | Villager (Male) |
| 11:25 | Crear | Villager (Male) |
| 11:25 | Crear | Villager (Male) |
| 11:26 | Crear | Villager (Male) |
| 11:26 | Crear | Villager (Male) |
| 11:38 | Construir | Farm |
| 11:54 | Crear | Villager (Male) |
| 12:10 | Construir | Market |
| 12:16 | Crear | Villager (Male) |
| 12:22 | Construir | Mining Camp |
| 13:18 | Investigar | Double-Bit Axe |
| 13:35 | Construir | House |
| 13:36 | Construir | House |
| 13:38 | Construir | House |
| 14:02 | Construir | Blacksmith |
| 14:14 | Crear | Villager (Male) |
| 14:15 | Crear | Villager (Male) |
| 14:15 | Crear | Villager (Male) |
| 14:40 | Construir | Farm |
| 14:43 | Crear | Villager (Male) |
| 15:26 | Construir | Farm |
| 15:43 | Crear | Villager (Male) |
| 15:45 | Crear | Villager (Male) |
| 16:09 | Construir | Farm |
| 16:14 | Crear | Villager (Male) |
| 16:25 | Construir | Stone Wall |
| 16:33 | Construir | Stone Wall |
| 16:39 | Construir | Farm |
| 16:55 | Construir | Farm |
| 17:38 | Investigar | Castle Age |
| 17:53 | Crear | Villager (Male) |
| 18:40 | Crear | Villager (Male) |
| 18:40 | Crear | Villager (Male) |
| 19:11 | Crear | Villager (Male) |
| 19:12 | Crear | Villager (Male) |
| 19:20 | Investigar | Horse Collar |
| 20:03 | Edad | Edad de los Castillos |
| 20:18 | Construir | Town Center |
| 20:40 | Construir | Town Center |
| 20:44 | Crear | Villager (Male) |
| 20:47 | Construir | Farm |
| 20:49 | Construir | Farm |
| 20:53 | Construir | Farm |
| 20:56 | Construir | Farm |
| 20:57 | Construir | Farm |
| 21:13 | Investigar | Bow Saw |
| 21:17 | Crear | Trade Cart |
| 21:36 | Crear | Villager (Male) |
| 21:37 | Crear | Villager (Male) |
| 21:37 | Crear | Villager (Male) |
| 21:38 | Crear | Villager (Male) |
| 22:19 | Construir | Farm |
| 22:21 | Construir | Farm |
| 22:24 | Construir | Farm |
| 22:27 | Construir | Farm |
| 22:29 | Crear | Villager (Male) |
| 22:29 | Crear | Villager (Male) |
| 22:30 | Crear | Villager (Male) |
| 22:38 | Crear | Villager (Male) |
| 22:39 | Crear | Villager (Male) |
| 22:58 | Construir | Castle |
| 23:04 | Construir | Farm |
| 23:06 | Construir | Farm |
| 23:09 | Crear | Villager (Male) |
| 23:10 | Crear | Villager (Male) |
| 23:15 | Crear | Villager (Male) |
| 23:26 | Construir | Farm |
| 23:29 | Crear | Villager (Male) |
| 23:36 | Crear | Villager (Male) |
| 23:58 | Construir | Town Center |
| 24:01 | Crear | Villager (Male) |
| 24:03 | Crear | Villager (Male) |
| 24:04 | Crear | Villager (Male) |
| 24:30 | Construir | House |
| 24:31 | Construir | House |
| 24:32 | Construir | House |
| 24:33 | Construir | House |
| 24:42 | Construir | House |
| 24:43 | Construir | House |
| 24:44 | Construir | House |
| 24:49 | Construir | House |
| 24:49 | Construir | House |
| 25:38 | Investigar | Forging |
| 25:39 | Investigar | Scale Barding Armor |
| 25:57 | Crear | War Elephant |
| 25:58 | Crear | War Elephant |
| 26:06 | Construir | Mining Camp |
| 26:36 | Construir | House |
| 26:39 | Investigar | Wheelbarrow |
| 26:57 | Crear | War Elephant |
Build order — Nikolaza Doberahtarza
Primeras 150 de 311 acciones detectadas
| 0:02 | Crear | Villager (Male) |
| 0:03 | Crear | Villager (Male) |
| 0:05 | Construir | House |
| 0:17 | Crear | Villager (Male) |
| 0:18 | Crear | Villager (Male) |
| 0:39 | Investigar | Loom |
| 0:39 | Crear | Villager (Male) |
| 0:39 | Crear | Villager (Male) |
| 1:01 | Construir | House |
| 1:06 | Crear | Villager (Male) |
| 1:59 | Construir | Palisade Wall |
| 2:05 | Crear | Villager (Male) |
| 2:56 | Crear | Villager (Male) |
| 2:56 | Crear | Villager (Male) |
| 3:22 | Crear | Villager (Male) |
| 3:23 | Crear | Villager (Male) |
| 3:48 | Crear | Villager (Male) |
| 4:15 | Construir | Settlement |
| 4:19 | Crear | Villager (Male) |
| 4:29 | Crear | Villager (Male) |
| 4:49 | Construir | House |
| 5:09 | Crear | Villager (Male) |
| 5:10 | Crear | Villager (Male) |
| 5:10 | Crear | Villager (Male) |
| 5:58 | Crear | Villager (Male) |
| 6:01 | Construir | Settlement |
| 6:29 | Crear | Villager (Male) |
| 6:45 | Crear | Villager (Male) |
| 7:26 | Construir | Palisade Wall |
| 7:28 | Construir | Palisade Wall |
| 7:31 | Construir | Palisade Wall |
| 7:34 | Crear | Villager (Male) |
| 7:34 | Crear | Villager (Male) |
| 7:59 | Crear | Villager (Male) |
| 8:06 | Construir | Dock |
| 8:18 | Construir | Dock |
| 8:26 | Crear | Villager (Male) |
| 8:58 | Crear | Villager (Male) |
| 8:59 | Crear | Villager (Male) |
| 9:02 | Crear | Fishing Ship |
| 9:02 | Crear | Fishing Ship |
| 9:57 | Construir | Outpost |
| 10:00 | Construir | Outpost |
| 10:08 | Investigar | Feudal Age |
| 10:13 | Crear | Fishing Ship |
| 10:32 | Construir | Settlement |
| 11:10 | Construir | Farm |
| 11:10 | Construir | Farm |
| 11:11 | Construir | Farm |
| 11:11 | Construir | Farm |
| 11:26 | Crear | Villager (Male) |
| 11:26 | Crear | Villager (Male) |
| 11:56 | Construir | Farm |
| 11:56 | Construir | Farm |
| 11:56 | Construir | Farm |
| 12:18 | Edad | Edad Feudal |
| 12:18 | Investigar | Double-Bit Axe |
| 12:19 | Investigar | Double-Bit Axe |
| 12:38 | Investigar | Horse Collar |
| 13:03 | Construir | Stone Wall |
| 13:05 | Construir | Stone Wall |
| 13:06 | Construir | Stone Wall |
| 13:10 | Crear | Villager (Male) |
| 13:10 | Crear | Villager (Male) |
| 13:44 | Construir | Settlement |
| 13:52 | Investigar | Wheelbarrow |
| 14:13 | Construir | Market |
| 14:16 | Crear | Villager (Male) |
| 14:17 | Crear | Villager (Male) |
| 14:54 | Construir | Blacksmith |
| 15:43 | Investigar | Castle Age |
| 15:44 | Investigar | Castle Age |
| 16:29 | Construir | Barracks |
| 17:50 | Construir | Archery Range |
| 17:58 | Construir | Outpost |
| 18:23 | Edad | Edad de los Castillos |
| 18:27 | Construir | Town Center |
| 18:32 | Construir | Town Center |
| 18:34 | Investigar | Heavy Plow |
| 18:36 | Investigar | Bow Saw |
| 18:38 | Investigar | Hand Cart |
| 18:39 | Crear | Villager (Male) |
| 18:39 | Crear | Villager (Male) |
| 19:37 | Construir | Town Center |
| 19:40 | Crear | Villager (Male) |
| 19:40 | Crear | Villager (Male) |
| 19:40 | Crear | Villager (Male) |
| 19:52 | Crear | Villager (Male) |
| 19:56 | Crear | Villager (Male) |
| 20:13 | Construir | Farm |
| 20:19 | Crear | Villager (Male) ×2 |
| 20:24 | Construir | Farm |
| 20:25 | Construir | Farm |
| 20:26 | Construir | Farm |
| 20:27 | Construir | Farm |
| 20:48 | Crear | Villager (Male) ×2 |
| 21:09 | Construir | Farm |
| 21:10 | Construir | Farm |
| 21:11 | Construir | Farm |
| 21:15 | Construir | Farm |
| 21:16 | Construir | Farm |
| 21:18 | Crear | Villager (Male) ×2 |
| 21:18 | Crear | Villager (Male) ×2 |
| 21:32 | Crear | Villager (Male) |
| 21:37 | Crear | Villager (Male) |
| 21:45 | Construir | Farm |
| 21:47 | Construir | Farm |
| 21:49 | Construir | Farm |
| 21:51 | Construir | Farm |
| 21:53 | Construir | Farm |
| 21:55 | Crear | Villager (Male) |
| 22:00 | Crear | Villager (Male) |
| 22:02 | Construir | Farm |
| 22:09 | Crear | Villager (Male) |
| 22:10 | Crear | Villager (Male) |
| 22:22 | Construir | House |
| 22:22 | Construir | House |
| 22:23 | Construir | House |
| 22:23 | Construir | House |
| 22:24 | Construir | House |
| 22:25 | Construir | House |
| 22:25 | Construir | House |
| 22:25 | Construir | House |
| 22:26 | Construir | House |
| 22:26 | Construir | House |
| 22:31 | Crear | Villager (Male) ×4 |
| 22:32 | Crear | Villager (Male) ×4 |
| 22:34 | Construir | Farm |
| 22:35 | Construir | Farm |
| 22:36 | Construir | Farm |
| 22:49 | Crear | Villager (Male) |
| 22:59 | Construir | Farm |
| 22:59 | Construir | Farm |
| 22:59 | Construir | Farm |
| 22:59 | Construir | Farm |
| 22:59 | Construir | Farm |
| 23:00 | Construir | Farm |
| 23:00 | Construir | Farm |
| 23:04 | Construir | Farm |
| 23:07 | Crear | Villager (Male) ×2 |
| 23:07 | Crear | Villager (Male) ×2 |
| 23:12 | Crear | Villager (Male) |
| 23:15 | Crear | Villager (Male) |
| 23:20 | Crear | Villager (Male) |
| 23:24 | Crear | Villager (Male) |
| 23:35 | Construir | Monastery |
| 23:37 | Crear | Villager (Male) |
| 23:37 | Crear | Villager (Male) |
| 23:53 | Construir | University |
| 23:55 | Crear | Villager (Male) ×3 |
Build order — Matthew
Primeras 150 de 184 acciones detectadas
| 0:03 | Crear | Villager (Male) |
| 0:03 | Crear | Villager (Male) |
| 0:03 | Crear | Villager (Male) |
| 0:04 | Crear | Villager (Male) |
| 0:08 | Construir | House |
| 0:12 | Construir | House |
| 0:12 | Construir | House |
| 1:21 | Investigar | Loom |
| 1:21 | Investigar | Loom |
| 1:55 | Crear | Villager (Male) |
| 2:14 | Crear | Villager (Male) |
| 2:15 | Crear | Villager (Male) |
| 2:51 | Construir | Mill |
| 3:30 | Crear | Villager (Male) |
| 3:30 | Crear | Villager (Male) |
| 3:30 | Crear | Villager (Male) |
| 3:43 | Construir | Palisade Wall |
| 3:49 | Construir | Palisade Wall |
| 3:56 | Construir | Palisade Wall |
| 4:01 | Crear | Villager (Male) |
| 4:11 | Construir | Palisade Wall |
| 4:32 | Crear | Villager (Male) |
| 5:04 | Crear | Villager (Male) |
| 5:10 | Crear | Villager (Male) |
| 5:21 | Construir | House |
| 5:58 | Construir | Lumber Camp |
| 6:00 | Crear | Villager (Male) |
| 6:14 | Crear | Villager (Male) |
| 6:14 | Crear | Villager (Male) |
| 6:52 | Crear | Villager (Male) ×2 |
| 6:52 | Crear | Villager (Male) |
| 7:18 | Construir | Lumber Camp |
| 7:46 | Crear | Villager (Male) |
| 7:46 | Crear | Villager (Male) |
| 8:03 | Construir | Mill |
| 8:16 | Construir | House |
| 8:22 | Crear | Villager (Male) |
| 8:23 | Crear | Villager (Male) |
| 8:23 | Crear | Villager (Male) |
| 8:23 | Crear | Villager (Male) |
| 9:18 | Crear | Villager (Male) |
| 9:39 | Crear | Villager (Male) |
| 10:10 | Construir | Mining Camp |
| 10:51 | Investigar | Feudal Age |
| 12:58 | Construir | Mill |
| 13:03 | Edad | Edad Feudal |
| 13:10 | Crear | Villager (Male) |
| 13:10 | Crear | Villager (Male) |
| 13:10 | Crear | Villager (Male) |
| 13:20 | Construir | Market |
| 13:24 | Construir | Blacksmith |
| 13:39 | Construir | Stone Wall |
| 13:44 | Construir | Stone Wall |
| 13:45 | Construir | Stone Wall |
| 13:55 | Construir | Stone Wall |
| 13:58 | Construir | Stone Wall |
| 14:10 | Construir | Mining Camp |
| 14:33 | Investigar | Castle Age |
| 14:58 | Construir | Stone Wall |
| 15:12 | Construir | House |
| 15:13 | Construir | House |
| 15:18 | Investigar | Double-Bit Axe |
| 15:18 | Investigar | Double-Bit Axe |
| 15:24 | Investigar | Stone Mining |
| 15:41 | Investigar | Horse Collar |
| 16:19 | Investigar | Gold Mining |
| 16:38 | Crear | Villager (Male) |
| 16:39 | Crear | Villager (Male) |
| 17:13 | Edad | Edad de los Castillos |
| 17:34 | Construir | Town Center |
| 17:55 | Construir | Town Center |
| 18:04 | Crear | Villager (Male) |
| 18:05 | Crear | Villager (Male) |
| 18:20 | Crear | Trade Cart |
| 18:21 | Crear | Trade Cart |
| 18:28 | Investigar | Bow Saw |
| 18:42 | Construir | Town Center |
| 18:51 | Crear | Villager (Male) |
| 18:59 | Construir | Farm |
| 19:00 | Construir | Farm |
| 19:04 | Crear | Villager (Male) |
| 19:13 | Crear | Villager (Male) |
| 19:13 | Crear | Villager (Male) |
| 19:25 | Crear | Villager (Male) |
| 19:26 | Crear | Villager (Male) |
| 19:34 | Construir | Farm |
| 19:35 | Construir | Farm |
| 19:36 | Construir | Farm |
| 19:51 | Construir | Farm |
| 19:51 | Construir | Farm |
| 19:56 | Construir | Farm |
| 19:58 | Crear | Villager (Male) |
| 20:14 | Construir | Farm |
| 20:16 | Construir | Farm |
| 20:23 | Construir | Farm |
| 20:28 | Construir | Farm |
| 20:36 | Construir | House |
| 20:38 | Construir | House |
| 20:39 | Construir | House |
| 20:40 | Construir | House |
| 20:43 | Crear | Villager (Male) |
| 20:44 | Crear | Villager (Male) |
| 20:44 | Crear | Villager (Male) |
| 20:56 | Construir | Farm |
| 21:06 | Construir | Farm |
| 21:12 | Construir | Farm |
| 21:15 | Crear | Villager (Male) |
| 21:15 | Crear | Villager (Male) |
| 21:23 | Construir | Farm |
| 21:23 | Construir | Farm |
| 21:32 | Crear | Villager (Male) |
| 21:40 | Construir | Farm |
| 21:41 | Construir | Farm |
| 21:46 | Crear | Villager (Male) |
| 21:47 | Crear | Villager (Male) |
| 21:47 | Crear | Villager (Male) |
| 22:04 | Construir | Farm |
| 22:05 | Construir | Farm |
| 22:07 | Construir | Farm |
| 22:10 | Crear | Villager (Male) |
| 22:13 | Crear | Villager (Male) |
| 22:15 | Crear | Villager (Male) |
| 22:16 | Crear | Villager (Male) |
| 22:32 | Construir | House |
| 22:33 | Construir | House |
| 22:34 | Construir | House |
| 22:34 | Construir | House |
| 22:35 | Construir | House |
| 22:45 | Construir | Farm |
| 22:46 | Construir | Farm |
| 22:49 | Crear | Villager (Male) |
| 22:52 | Crear | Villager (Male) |
| 22:54 | Crear | Villager (Male) |
| 23:00 | Construir | Farm |
| 23:01 | Construir | Farm |
| 23:11 | Crear | Villager (Male) |
| 23:12 | Crear | Villager (Male) |
| 23:12 | Crear | Villager (Male) |
| 23:12 | Crear | Villager (Male) |
| 23:17 | Crear | Trade Cart |
| 23:18 | Crear | Villager (Male) |
| 23:34 | Construir | Farm |
| 23:35 | Construir | Farm |
| 23:41 | Investigar | Heavy Plow |
| 23:41 | Investigar | Heavy Plow |
| 23:55 | Construir | Town Center |
| 24:05 | Crear | Villager (Male) |
| 24:05 | Crear | Villager (Male) |
| 24:06 | Crear | Villager (Male) |
| 24:07 | Crear | Villager (Male) |
Cronología de la partida
| 1:47 | vasco14 · wall_segment Palisade Wall x13 |
| 1:59 | steveroessler · wall_segment Palisade Wall x2 |
| 1:59 | Nikolaza Doberahtarza · wall_segment Palisade Wall x12 |
| 2:07 | steveroessler · wall_segment Palisade Wall x13 |
| 2:26 | vasco14 · wall_segment Palisade Wall x1 |
| 3:13 | steveroessler · wall_segment Palisade Wall x10 |
| 3:26 | deLeoLegion · wall_segment Palisade Wall x11 |
| 3:43 | Matthew · wall_segment Palisade Wall x4 |
| 3:49 | Matthew · wall_segment Palisade Wall x4 |
| 3:56 | Matthew · wall_segment Palisade Wall x5 |
| 4:11 | Matthew · wall_segment Palisade Wall x2 |
| 4:11 | steveroessler · wall_segment Palisade Wall x8 |
| 4:38 | deLeoLegion · wall_segment Palisade Wall x6 |
| 4:51 | deLeoLegion · wall_segment Palisade Wall x1 |
| 4:52 | deLeoLegion · wall_segment Palisade Wall x1 |
| 5:15 | deLeoLegion · wall_segment Palisade Wall x4 |
| 5:38 | AlexanderGr8 · first_building Dock |
| 5:52 | mdinusha88 · wall_segment Palisade Wall x3 |
| 5:56 | mdinusha88 · wall_segment Palisade Wall x11 |
| 6:37 | mdinusha88 · wall_segment Palisade Wall x2 |
| 6:50 | AlexanderGr8 · wall_segment Palisade Wall x6 |
| 7:26 | Nikolaza Doberahtarza · wall_segment Palisade Wall x5 |
| 7:28 | Nikolaza Doberahtarza · wall_segment Palisade Wall x1 |
| 7:31 | Black_Death · first_building Dock |
| 7:31 | Nikolaza Doberahtarza · wall_segment Palisade Wall x13 |
| 8:06 | Nikolaza Doberahtarza · first_building Dock |
| 9:08 | vasco14 · first_building Dock |
| 10:44 | steveroessler · age_up feudal |
| 11:04 | mdinusha88 · age_up feudal |
| 11:45 | mdinusha88 · wall_segment Stone Wall x10 |
| 11:49 | Black_Death · age_up feudal |
| 11:52 | mdinusha88 · wall_segment Stone Wall x1 |
| 12:07 | mdinusha88 · wall_segment Stone Wall x6 |
| 12:18 | Nikolaza Doberahtarza · age_up feudal |
| 12:18 | mdinusha88 · first_market_sell 100 stone |
| 12:48 | vasco14 · age_up feudal |
| 12:59 | deLeoLegion · first_market_sell 100 food |
| 13:03 | Matthew · age_up feudal |
| 13:03 | Nikolaza Doberahtarza · wall_segment Stone Wall x4 |
| 13:05 | Nikolaza Doberahtarza · wall_segment Stone Wall x10 |
| 13:06 | Nikolaza Doberahtarza · wall_segment Stone Wall x7 |
| 13:25 | vasco14 · wall_segment Stone Wall x3 |
| 13:33 | vasco14 · wall_segment Stone Wall x12 |
| 13:39 | Matthew · wall_segment Stone Wall x4 |
| 13:44 | Matthew · wall_segment Stone Wall x7 |
| 13:45 | Matthew · wall_segment Stone Wall x5 |
| 13:55 | Matthew · wall_segment Stone Wall x3 |
| 13:58 | Matthew · wall_segment Stone Wall x3 |
| 14:03 | AlexanderGr8 · age_up feudal |
| 14:58 | Matthew · wall_segment Stone Wall x1 |
| 15:03 | mdinusha88 · age_up castle |
| 15:34 | steveroessler · first_market_sell 100 wood |
| 15:37 | steveroessler · first_market_buy 100 food |
| 16:07 | vasco14 · first_building Barracks |
| 16:25 | steveroessler · wall_segment Stone Wall x10 |
| 16:29 | Nikolaza Doberahtarza · first_building Barracks |
| 16:33 | steveroessler · wall_segment Stone Wall x9 |
| 17:13 | Matthew · age_up castle |
| 17:24 | Black_Death · first_market_sell 100 wood |
| 17:43 | AlexanderGr8 · age_up castle |
| 17:44 | AlexanderGr8 · first_building Monastery |
| 17:49 | AlexanderGr8 · first_building Siege Workshop |
| 17:50 | Nikolaza Doberahtarza · first_building Archery Range |
| 18:23 | Nikolaza Doberahtarza · age_up castle |
| 18:55 | AlexanderGr8 · first_building Barracks |
| 18:59 | mdinusha88 · first_building Castle |
| 19:04 | AlexanderGr8 · first_market_buy 100 wood |
| 19:59 | vasco14 · age_up castle |
| 20:03 | steveroessler · age_up castle |
| 20:12 | AlexanderGr8 · first_building Archery Range |
| 20:44 | Black_Death · age_up castle |
| 20:46 | vasco14 · first_market_buy 100 wood |
| 21:58 | mdinusha88 · first_building Monastery |
| 22:08 | AlexanderGr8 · age_up imperial |
| 22:58 | steveroessler · first_building Castle |
| 23:35 | Nikolaza Doberahtarza · first_building Monastery |
| 24:19 | deLeoLegion · first_building Monastery |
| 25:00 | vasco14 · first_building Monastery |
| 25:02 | AlexanderGr8 · first_market_sell 500 food |
| 25:06 | Matthew · wall_segment Stone Wall x13 |
| 25:17 | Matthew · first_building Barracks |
| 25:31 | mdinusha88 · first_building Barracks |
| 25:35 | Black_Death · first_building Barracks |
| 25:38 | Black_Death · first_building Castle |
| 26:15 | mdinusha88 · first_market_buy 100 food |
| 27:26 | Black_Death · resign |
| 27:50 | Nikolaza Doberahtarza · first_building Castle |
| 27:53 | mdinusha88 · first_building Archery Range |
| 27:58 | vasco14 · first_building Castle |
| 27:59 | Matthew · first_building Castle |
| 28:06 | vasco14 · first_building Siege Workshop |
| 28:31 | mdinusha88 · wall_segment Stone Wall x4 |
| 28:34 | mdinusha88 · wall_segment Stone Wall x11 |
| 29:02 | mdinusha88 · first_building Stable |
| 29:31 | mdinusha88 · age_up imperial |
| 29:32 | Nikolaza Doberahtarza · first_market_sell 500 wood |
| 29:52 | mdinusha88 · wall_segment Stone Wall x15 |
| 29:55 | mdinusha88 · wall_segment Stone Wall x9 |
| 30:27 | vasco14 · age_up imperial |
| 30:35 | deLeoLegion · first_building Castle |
| 32:00 | Nikolaza Doberahtarza · age_up imperial |
| 32:08 | deLeoLegion · wall_segment Stone Wall x13 |
| 32:29 | deLeoLegion · first_building Siege Workshop |
| 33:00 | deLeoLegion · first_building Barracks |
| 33:18 | deLeoLegion · wall_segment Stone Wall x15 |
[ ANÁLISIS IA · 1 CRÉDITO ]
¿Qué pasó realmente en esta partida?
Wolo.gg analiza cada decisión: build order, eco, micro, errores típicos por bracket. Análisis personalizado por WhatsApp o Discord en 30 segundos.
Guía civ
Celtas
Perfil
Jugador #10494265